 Dungeon Crawl Stone Soup version 0.28.0-49-g6dfe1f597d (webtiles) character file.

Game seed: 7295906130096145353

52110 Peloso the Fencer (level 14, 0/130 HPs)
             Began as a Minotaur Fighter on May 18, 2022.
             Was the Champion of Okawaru.
             Slain by a death yak (14 damage)
             ... on level 4 of the Lair of Beasts.
             The game lasted 00:52:25 (28397 turns).

Peloso the Fencer (Minotaur Fighter)               Turns: 28397, Time: 00:52:26

Health: 0/130      AC: 27    Str: 30    XL:     14   Next: 25%
Magic:  14/14      EV: 10    Int:  5    God:    Okawaru [******]
Gold:   740        SH: 12    Dex: 12    Spells: 13/13 levels left

rFire   . . .      SeeInvis .   a - +3 scimitar
rCold   + . .      Faith    .   c - +0 buckler
rNeg    + . .      Spirit   .   Q - +5 plate armour "Xillaew" {rC+ Will+}
rPois   .          Reflect  +   u - +1 hat
rElec   .          Harm     .   I - scarf {repulsion}
rCorr   .          Rampage  .   d - +1 pair of gloves
Will    ++...                   i - +0 pair of boots
Stlth   ..........              H - amulet of reflection
HPRegen 0.31/turn               g - ring of positive energy
MPRegen 0.14/turn               M - +6 ring of strength

@: repel missiles
A: horns 2, retaliatory headbutt
a: Renounce Religion, Heroism, Finesse, Duel


You were on level 4 of the Lair of Beasts.
You worshipped Okawaru.
Okawaru was exalted by your worship.
You visited 4 branches of the dungeon, and saw 19 of its levels.

You collected 1738 gold pieces.
You spent 998 gold pieces at shops.

Inventory:

Hand Weapons
 a - a +3 scimitar (weapon)
 b - a +2 long sword
Missiles
 s - 2 throwing nets (quivered)
Armour
 c - a +0 buckler (worn)
 d - a +1 pair of gloves (worn)
 i - a +0 pair of boots (worn)
 k - a +1 plate armour of fire resistance
 u - a +1 hat (worn)
 y - a +0 chain mail
 E - a +0 plate armour of positive energy
 I - a scarf of repulsion (worn)
 Q - the +5 plate armour "Xillaew" (worn) {rC+ Will+}
   (You bought it in a shop on level 11 of the Dungeon)

   rC:        It protects you from cold.
   Will:      It increases your willpower.
Jewellery
 g - a ring of positive energy (left hand)
 p - a ring of magical power
 v - a ring of flight
 A - a +6 ring of intelligence
 H - an amulet of reflection (around neck)
 M - a +6 ring of strength (right hand)
 O - an amulet of guardian spirit
Wands
 F - a wand of polymorph (5)
 L - a wand of digging (5)
 N - a wand of paralysis (1)
Scrolls
 e - 4 scrolls of fear
 j - 2 scrolls of fog {unknown}
 l - 2 scrolls of summoning
 m - 5 scrolls of teleportation
 n - a scroll of enchant weapon {unknown}
 o - a scroll of immolation {unknown}
 q - a scroll of amnesia {unknown}
 t - 2 scrolls of enchant armour
 x - 4 scrolls of noise {unknown}
 J - 2 scrolls of silence
 P - a scroll of magic mapping
Potions
 f - a potion of brilliance
 h - 5 potions of haste
 r - 2 potions of curing
 w - a potion of ambrosia
 z - a potion of heal wounds {unknown}
 B - 2 potions of invisibility
 C - 3 potions of magic {unknown}
 G - 2 potions of mutation {unknown}
 R - a potion of cancellation {unknown}


   Skills:
 + Level 13.8 Fighting
 + Level 16.4 Long Blades
 + Level 14.9 Armour
 + Level 4.8 Dodging
 + Level 3.0 Stealth
 + Level 14.0 Shields
 + Level 2.3 Invocations
 + Level 2.6 Evocations


You had 13 spell levels left.
You didn't know any spells.
Your spell library contained the following spells:

 Spells                   Type           Power      Damage    Failure   Level
 Magic Dart               Conj           0%         1d3       98%         1
 Ensorcelled Hibernation  Hex/Ice        0%         N/A       99%         2
 Dazzling Flash           Conj/Hex       0%         N/A       100%        3
 Gell's Gravitas          Tloc           0%         N/A       100%        3
 Inner Flame              Hex/Fire       0%         N/A       100%        3
 Lesser Beckoning         Tloc           0%         N/A       100%        3
 Mephitic Cloud           Conj/Pois/Air  0%         N/A       100%        3
 Spider Form              Tmut/Pois      0%         N/A       100%        3
 Swiftness                Air            0%         N/A       100%        3
 Teleport Other           Tloc           0%         N/A       100%        3
 Anguish                  Hex/Necr       0%         N/A       100%        4
 Iskenderun's Mystic Bla  Conj/Tloc      0%         2d3       100%        4
 Alistair's Intoxication  Tmut/Pois      0%         N/A       100%        5
 Borgnjor's Vile Clutch   Necr/Erth      0%         N/A       100%        5
 Eringya's Noxious Bog    Tmut/Pois      0%         N/A       100%        6
 Starburst                Conj/Fire      0%         6d3       100%        6
 Call Imp                 Summ           Unusable   N/A       N/A         2

Dungeon Overview and Level Annotations

Branches:
Dungeon (12/15)            Temple (1/1) D:4            Lair (4/6) D:11
  Swamp (0/4) Lair:2        Snake (0/4) Lair:2          Orc (2/2) D:10
    Elf (0/3) Orc:2

Altars:
Ashenzari
Cheibriados
Dithmenos
Elyvilon
Fedhas
Gozag
Hepliaklqana
Kikubaaqudgha
Makhleb
Nemelex Xobeh
Okawaru
Qazlal
Ru
Sif Muna
Trog
Uskayaw
Vehumet
Wu Jian
Xom
Yredelemnul
Zin
The Shining One
Beogh

Shops:
D:1 *   D:6 =   D:11 [[   Orc:1 :   Orc:2 ?[??

Annotations:
D:11 3 runed translucent doors, qipq's ghost, journeyman DsNe
Lair:2 exclusion: ice statue
Lair:4 3 runed translucent doors, Atelerd's ghost, journeyman OpEE


Innate Abilities, Weirdness & Mutations

You have a pair of horns on your head.
You reflexively headbutt those who attack you in melee.


Message History

The death yak is moderately wounded.
You block the death yak's attack.
Unknown command.
You slice the death yak!!
You headbutt the death yak, but do no damage.
The death yak is heavily wounded.
The death yak gores you but does no damage.
Unknown command.
You slice the death yak!! You headbutt the death yak.
The death yak is almost dead.
Unknown command.
You slice the death yak!!
You kill the death yak!
Okawaru accepts your kill.
Unknown command.
You slash the death yak!
The death yak is lightly wounded.
The death yak barely misses you. You furiously retaliate!
You headbutt the death yak. You slash the death yak!
The death yak is moderately wounded.
You feel like a meek peon again. The death yak gores you!
Unknown command.
You hit the death yak but do no damage.
The death yak is moderately wounded.
Unknown command.
You slash the death yak!
The death yak is heavily wounded.
The death yak gores you!
* * * LOW HITPOINT WARNING * * *
Unknown command.
You slice the death yak!! You headbutt the death yak.
The death yak is severely wounded.
The death yak gores you!
* * * LOW HITPOINT WARNING * * *
You hit the death yak.
The death yak is almost dead.
The death yak gores you!
You die...

# ### ### # #
.######.###.# ..#.
#............ #....
#####............
.....Y##.#.#............
#....YY@................
.....###..#.............
... #####............ .
#............
#............
##............
#.............
#.............
##...........รท


You could see 3 death yaks.

Vanquished Creatures
  Nessos (Orc:2)
  8 hydras
  2 two-headed ogres
  10 death yaks (Lair:4)
  10 orc high priests
  Nergalle (D:10)
  Sonja (D:11)
  A bog body (Lair:2)
  An orc sorcerer (Orc:1)
  3 black mambas
  A torpor snail (Lair:3)
  A gargoyle (D:8)
  A kobold demonologist (D:9)
  9 cane toads
  9 komodo dragons
  3 rime drakes
  Maggie (Lair:1)
  A freezing wraith (Lair:2)
  2 ice devils (Lair:2)
  3 polar bears
  2 trolls
  Grinder (D:4)
  A tyrant leech (Lair:2)
  7 blink frogs
  A shadow (D:9)
  A wraith (D:9)
  A dire elephant simulacrum (Lair:2)
  38 yaks
  The ghost of burn09 the Chopper, an amateur HOMo of Beogh (D:4)
  3 humans (D:10)
  4 wyverns
  2 basilisks
  2 steam dragons
  4 swamp worms (Lair:2)
  7 wargs
  2 nagas (Lair:2)
  An acid dragon (D:11)
  4 water moccasins
  20 orc warriors
  3 necrophages
  5 black bears
  4 ice beasts
  3 centaurs
  10 ogres
  2 kobold brigands
  11 wolves
  2 phantoms (D:4)
  A gnoll sergeant (D:7)
  4 scorpions
  13 bullfrogs
  2 wyvern zombies
  A water moccasin zombie (D:4)
  A water moccasin skeleton (D:4)
  19 killer bees
  An elephant simulacrum (Lair:2)
  9 wights
  An electric eel (D:8)
  10 howler monkeys
  4 centaur zombies
  4 jellies
  4 hounds
  2 bullfrog skeletons
  2 gnoll shamans (D:5)
  33 orc priests
  2 centaur skeletons
  2 iguanas (D:7)
  18 orc wizards
  A spriggan simulacrum (Lair:2)
  A wolf simulacrum (Lair:2)
  A hound skeleton (D:5)
  Robin (D:3)
  A howler monkey zombie (D:9)
  15 gnolls
  7 adders
  2 naga simulacra (Lair:2)
  A shadow imp (D:7)
  A white imp (D:8)
  An ufetubus (D:6)
  2 adder skeletons (D:4)
  An adder zombie (D:5)
  4 worms
  A dart slug (D:2)
  94 orcs
  6 endoplasms
  4 giant cockroaches
  16 goblins
  10 hobgoblins
  7 jackals
  12 kobolds
  10 quokkas
  6 ball pythons
  9 bats
  9 frilled lizards
  9 rats
576 creatures vanquished.

Vanquished Creatures (others)
  2 orc priests (Orc:2)
  An orc (Orc:2)
  37 fungi
  53 plants
93 creatures vanquished.

Grand Total: 669 creatures vanquished

Notes
Turn   | Place    | Note
-------+----------+-------------------------------------------
     0 | D:1      | Peloso the Minotaur Fighter began the quest for the Orb.
     0 | D:1      | Reached XP level 1. HP: 19/19 MP: 0/0
   129 | D:1      | Reached XP level 2. HP: 27/27 MP: 1/1
   242 | D:1      | Found a faded altar of an unknown god.
   281 | D:1      | Reached XP level 3. HP: 17/33 MP: 2/2
   753 | D:1      | Found Sepnu's General Store.
   930 | D:2      | Reached skill level 3 in Long Blades
   939 | D:2      | Reached XP level 4. HP: 16/41 MP: 3/3
  1446 | D:2      | Reached skill level 1 in Dodging
  1741 | D:3      | Reached XP level 5. HP: 47/47 MP: 4/4
  1756 | D:3      | Reached skill level 4 in Long Blades
  1778 | D:3      | Noticed Robin
  1794 | D:3      | Killed Robin
  2749 | D:4      | Noticed a black bear
  2755 | D:4      | Killed a black bear
  2756 | D:4      | Reached skill level 5 in Long Blades
  2756 | D:4      | Reached XP level 6. HP: 47/53 MP: 5/5
  2816 | D:4      | Found a transporter.
  2818 | D:4      | Noticed burn09's ghost (amateur HOMo)
  2853 | D:4      | Found a transporter.
  2958 | D:4      | Reached skill level 5 in Armour
  2988 | D:4      | Reached skill level 6 in Long Blades
  3180 | D:4      | Noticed Grinder
  3194 | D:4      | Reached skill level 5 in Fighting
  3201 | D:4      | Killed Grinder
  3202 | D:4      | Reached XP level 7. HP: 26/61 MP: 6/6
  3395 | D:4      | Reached skill level 7 in Long Blades
  3727 | D:4      | Reached skill level 5 in Shields
  3736 | D:4      | Reached skill level 1 in Stealth
  3975 | D:4      | Reached XP level 8. HP: 60/70 MP: 7/7
  4125 | D:4      | Found a staircase to the Ecumenical Temple.
  4331 | Temple   | Entered the Ecumenical Temple
  4390 | Temple   | Became a worshipper of Warmaster Okawaru
  4484 | D:5      | Entered Level 5 of the Dungeon
  4878 | D:5      | Reached skill level 8 in Long Blades
  5197 | D:5      | Found a burning altar of Makhleb.
  5499 | D:5      | Reached * piety under Okawaru
  5887 | D:5      | Reached skill level 9 in Long Blades
  6417 | D:6      | Reached XP level 9. HP: 70/78 MP: 8/8
  6754 | D:6      | Found Siluvigg's Jewellery Emporium.
  7193 | D:6      | Reached ** piety under Okawaru
  7655 | D:7      | Reached skill level 10 in Long Blades
  8540 | D:7      | Noticed a komodo dragon
  8567 | D:7      | Reached skill level 11 in Long Blades
  8897 | D:7      | Killed a komodo dragon
  8897 | D:7      | Reached *** piety under Okawaru
  9452 | D:8      | Noticed a gargoyle
  9463 | D:8      | Killed a gargoyle
  9464 | D:8      | Reached XP level 10. HP: 43/86 MP: 6/9
 10284 | D:8      | Reached skill level 12 in Long Blades
 11126 | D:9      | Noticed a smoke demon
 11132 | D:9      | Noticed a soul eater
 11135 | D:9      | Reached **** piety under Okawaru
 11136 | D:9      | Reached skill level 1 in Invocations
 12285 | D:4      | Reached skill level 10 in Armour
 12288 | D:4      | Killed burn09's ghost
 12471 | D:10     | Entered Level 10 of the Dungeon
 12501 | D:10     | Noticed Nergalle
 12518 | D:10     | Killed Nergalle
 12519 | D:10     | Reached skill level 13 in Long Blades
 12592 | D:10     | Noticed a two-headed ogre
 12601 | D:10     | Killed a two-headed ogre
 12601 | D:10     | Received a gift from Okawaru
 12602 | D:10     | Reached XP level 11. HP: 91/97 MP: 7/11
 13569 | D:10     | Reached ***** piety under Okawaru
 13910 | D:10     | Reached skill level 10 in Fighting
 13995 | D:10     | Found a staircase to the Orcish Mines.
 15097 | D:10     | Reached skill level 14 in Long Blades
 15542 | D:11     | Found a staircase to the Lair.
 15651 | D:11     | Found a runed translucent gate.
 15651 | D:11     | Found a runed translucent gate.
 15651 | D:11     | Found a runed translucent gate.
 15652 | D:11     | Noticed a minotaur
 15653 | D:11     | Noticed qipq's ghost (journeyman DsNe)
 15781 | D:11     | Noticed Sonja
 15787 | D:11     | Killed Sonja
 15898 | D:11     | Found Afoxylix's Antique Armour Shop.
 16060 | D:11     | Found Cheibriados's Comfort Zone.
 16061 | D:11     | Found a snail-covered altar of Cheibriados.
 16111 | D:11     | Identified the +1 scale mail of Okawaru {rN+} (Okawaru
                  | gifted it to you on level 11 of the Dungeon)
 16111 | D:11     | Received a gift from Okawaru
 16312 | D:12     | Noticed an eight-headed hydra
 16362 | Lair:1   | Entered Level 1 of the Lair of Beasts
 16458 | Lair:1   | Reached skill level 10 in Shields
 16702 | D:11     | Reached XP level 12. HP: 84/108 MP: 12/12
 17128 | D:11     | Bought a transparent plate armour for 756 gold pieces
 17128 | D:11     | Identified the +5 plate armour "Xillaew" {rC+ Will+} (You
                  | bought it in a shop on level 11 of the Dungeon)
 17277 | Lair:1   | Noticed a five-headed hydra
 17414 | Orc:1    | Entered Level 1 of the Orcish Mines
 17414 | Orc:1    | Found Laumiog's Book Emporium.
 17667 | Orc:2    | Entered Level 2 of the Orcish Mines
 17674 | Orc:2    | Noticed an orc high priest
 17679 | Orc:2    | Noticed an orc high priest
 17680 | Orc:2    | Noticed Nessos
 18298 | Orc:1    | Killed an orc high priest
 19242 | Orc:1    | Killed an orc high priest
 19622 | Orc:2    | Killed Nessos
 19883 | Orc:2    | Noticed an orc high priest
 19891 | Orc:2    | Killed an orc high priest
 19892 | Orc:2    | Reached skill level 15 in Long Blades
 19939 | Orc:2    | Noticed an orc high priest
 19943 | Orc:2    | Noticed an orc high priest
 19946 | Orc:2    | Noticed an orc high priest
 19947 | Orc:2    | Noticed an orc high priest
 20262 | Orc:2    | Killed an orc high priest
 20267 | Orc:2    | Killed an orc high priest
 20700 | Orc:2    | Killed an orc high priest
 21025 | Orc:2    | Killed an orc high priest
 21278 | Orc:2    | Found Pozorhel's Magic Scroll Shoppe.
 21278 | Orc:2    | Found Haezxisu's Antique Armour Boutique.
 21286 | Orc:2    | Bought a scroll of enchant armour for 82 gold pieces
 21286 | Orc:2    | Bought a scroll of identify for 22 gold pieces
 21286 | Orc:2    | Bought a scroll of silence for 82 gold pieces
 21413 | Orc:2    | Noticed a two-headed ogre
 21426 | Orc:2    | Killed a two-headed ogre
 21433 | Orc:2    | Received a gift from Okawaru
 21923 | Orc:2    | Noticed an orc high priest
 21950 | Orc:2    | Killed an orc high priest
 22092 | Orc:2    | Noticed an orc high priest
 22100 | Orc:2    | Killed an orc high priest
 22100 | Orc:2    | Received a gift from Okawaru
 22217 | Orc:2    | Found Dapsutak's Magic Scroll Shoppe.
 22217 | Orc:2    | Found Vintuive's Magic Scroll Boutique.
 22232 | Orc:2    | Bought a scroll of magic mapping for 56 gold pieces
 22282 | Orc:2    | Noticed an orc high priest
 22289 | Orc:2    | Killed an orc high priest
 22290 | Orc:2    | Reached XP level 13. HP: 79/119 MP: 10/13
 22607 | Orc:2    | Found a staircase to the Elven Halls.
 23634 | Lair:1   | Reached skill level 1 in Evocations
 23800 | Lair:1   | Noticed Maggie
 23809 | Lair:1   | Killed Maggie
 24017 | Lair:2   | Found a staircase to the Snake Pit.
 24475 | Lair:2   | Identified the +0 chain mail "Husuf" {Str+2 Int+9} (Okawaru
                  | gifted it to you on level 2 of the Lair of Beasts)
 24475 | Lair:2   | Received a gift from Okawaru
 25234 | Lair:2   | Reached skill level 16 in Long Blades
 25248 | Lair:2   | HP: 2/122 [tyrant leech (16)]
 25796 | Lair:2   | Found a staircase to the Swamp.
 27639 | Lair:4   | Found a runed translucent gate.
 27639 | Lair:4   | Found a runed translucent gate.
 27639 | Lair:4   | Found a runed translucent gate.
 27648 | Lair:4   | Noticed Atelerd's ghost (journeyman OpEE)
 27869 | Lair:4   | Reached XP level 14. HP: 61/129 MP: 11/14
 27991 | Lair:4   | Reached ****** piety under Okawaru
 28280 | Lair:4   | Got the Papyrus of Flying Heat
 28336 | Lair:4   | Identified the +8 glaive "Jemnaett" {vorpal, rElec Str+3}
                  | (Okawaru gifted it to you on level 4 of the Lair of Beasts)
 28336 | Lair:4   | Received a gift from Okawaru
 28397 | Lair:4   | Slain by a death yak

Illustrated notes

Levels and vault maps discovered:
D:1:      onia_arrival_handbag, layout_loops_ring, shapermc_ecumenical_altar_gd,
          serial_shops, nicolae_shop_advertising_works
          [nicolae_subvault_shop_adworks], serial_bayou_pond_c,
          minmay_misc_feat_cross
D:2:      layout_rooms, serial_glass, glass_columns_a, glass_columns_a
D:3:      layout_basic, uniq_robin
D:4:      layout_gridville, minmay_temple_entry_poolview,
          gammafunk_ghost_mausoleum, kennysheep_generic_room_3, uniq_grinder
D:5:      layout_loops_corners, makhleb_blood_cavern_becter
D:6:      layout_gridville, serial_shops, nicolae_shop_window_shopping
D:7:      layout_loops_ring, minmay_lizard_king
D:8:      layout_cave_pools, special_room [special_room_orc],
          kennysheep_minor_cross, nrook_campfire, minmay_puff
D:9:      layout_loops_ring
D:10:     layout_stronghold, david_orc_4, minmay_statues_item, minmay_ruffians,
          uniq_nergalle
D:11:     layout_roguey, due_lair_maze_entry_diamond,
          maelrawn_ghost_gauntlet_escape, serial_shops, shop, minmay_shop_chei,
          uniq_sonja
D:12:     layout_gridville, tso_oasis_becter, uniq_frances
Temple:   kilobyte_greek_temple
Lair:1:   layout_big_grid, grunt_megastairs_1, uniq_maggie
Lair:2:   dreamdust_isle_of_ice, layout_cave_shapes, palyth_hydra_swamp_entry,
          guppyfry_snake_entry_island, serial_bayou_shore_b
Lair:3:   layout_hall_layers, serial_bayou_pond_a, lemuel_fruit_fields
Lair:4:   layout_gridlike, ebering_ghost_rock_garden, st_stairs_4
Orc:1:    layout_caves, serial_shops, shop
Orc:2:    st_orc_town, layout_caves, basic_altar, uniq_nessos

Skill      XL: |  1  2  3  4  5  6  7  8  9 10 11 12 13 14 |
---------------+-------------------------------------------+-----
Fighting       | 4 5 6 7 9 10 12 13 | 13.8
Shields        | 4 5 6 7 8 10 12 13 14 | 14.0
Armour         | 4 5 6 8 9 10 11 12 14 | 14.9
Long Blades    | 3 5 6 7 9 11 13 14 15 16 | 16.4
Dodging        | 1 2 3 4 |  4.8
Stealth        | 1 2 3 |  3.0
Invocations    | 1 2 |  2.3
Evocations     | 2 |  2.6

Action                   |  1- 3 |  4- 6 |  7- 9 | 10-12 | 13-15 || total
-------------------------+-------+-------+-------+-------+-------++-------
Melee: Long sword        |    77 |   162 |   350 |   178 |       ||   767
       Headbutt          |    12 |    30 |    77 |   181 |   105 ||   405
       Scimitar          |       |       |       |   627 |   498 ||  1125
Invok: Heroism           |       |       |     5 |    27 |     7 ||    39
Evoke: Wand              |       |       |     3 |     9 |    24 ||    36
  Use: Scroll            |       |     3 |     4 |     6 |     4 ||    17
       Potion            |       |       |     1 |       |     5 ||     6
 Stab: Paralysed         |       |       |       |       |     2 ||     2
Armor: Scale mail        |    35 |    77 |    80 |       |       ||   192
       Chain mail        |       |       |    80 |     5 |       ||    85
       Plate armour      |       |       |       |   400 |   302 ||   702
       Skin              |       |       |       |     3 |       ||     3
Dodge: Dodged            |    33 |    80 |   161 |   287 |   205 ||   766
       Repelled          |       |       |       |     2 |     7 ||     9
Block: Buckler           |    22 |    32 |    86 |   440 |   334 ||   914
       Reflection        |       |       |       |    11 |     3 ||    14
